 Dungeon Crawl Stone Soup version 0.30-a0-1074-g5db6f66fbb (webtiles) character file.

Game seed: 16110080663394504578

325 Pimp the Magician (level 6, -8/32 HPs)
             Began as a Deep Elf Fire Elementalist on Apr 13, 2023.
             Mangled by a gnoll
             ... wielding a +0 halberd
             ... led by a gnoll sergeant
              (12 damage)
             ... on level 4 of the Dungeon.
             The game lasted 00:15:50 (3959 turns).

Pimp the Magician (Deep Elf Fire Elementalist)      Turns: 3959, Time: 00:15:50

Health: -8/32      AC:  3    Str:  5    XL:     6   Next: 24%
Magic:  12/15      EV: 14    Int: 20    God:
Gold:   171        SH:  0    Dex: 17    Spells: 13/14 levels left

rFire   + . .      SeeInvis .    c - +0 short sword
rCold   + . .      Faith    .    (no shield)
rNeg    . . .      Spirit   .    a - +1 robe
rPois   +          Reflect  .    (no helmet)
rElec   +          Rampage  .    (no cloak)
rCorr   +                        (no gloves)
Will    .....                    (no boots)
Stlth   +++                      (no amulet)
HPRegen 0.25/turn                (no ring)
MPRegen 0.14/turn                (no ring)

@: resistant
A: no striking features
a: no special abilities


You were on level 4 of the Dungeon.
You visited 1 branch of the dungeon, and saw 4 of its levels.

You collected 171 gold pieces.

Inventory:

Hand Weapons
 c - a +0 short sword (weapon)
Armour
 a - a +1 robe (worn)
 j - a +0 leather armour
Jewellery
 l - a ring of ice
Potions
 d - a potion of curing
 e - 4 potions of brilliance
 f - a potion of degeneration
 g - 2 potions of ambrosia
 k - a potion of flight


   Skills:
 + Level 4.1 Dodging
 + Level 4.4 Stealth
 + Level 4.7 Spellcasting
 + Level 3.1 Conjurations
 + Level 4.5 Fire Magic


You had 13 spell levels left.
You knew the following spells:

 Your Spells              Type           Power      Damage    Failure   Level
a - Foxfire               Conj/Fire      80%        2x1d8     2%          1

Your spell library contained the following spells:

 Spells                   Type           Power      Damage    Failure   Level
 Scorch                   Fire           44%        2d6       2%          2
 Inner Flame              Hex/Fire       13%        N/A       14%         3
 Volatile Blastmotes      Fire/Tloc      26%        2d12      14%         3
 Flame Wave               Conj/Fire      20%        2d7       24%         4


Dungeon Overview and Level Annotations

Branches:
Dungeon (4/15)             Temple (0/1) D:4

Altars:
Fedhas
Qazlal

Shops:
D:3 =


Message History

The gnoll sergeant is engulfed in a cloud of scalding steam.
The gnoll sergeant hits you from afar with a +3 heavy spear.
* * * LOW HITPOINT WARNING * * *
You aren't carrying any scrolls.
Okay, then.
You aren't carrying any scrolls.
You aren't wearing any rings or amulets.
It was a potion of resistance.
You feel protected. The gnoll barely misses you.
The gnoll sergeant is engulfed in a cloud of scalding steam.
The gnoll sergeant completely misses you.
The gnoll closely misses you. Magic courses through your body.
The gnoll misses you. The gnoll closely misses you.
You feel better.
The gnoll sergeant is engulfed in a cloud of scalding steam.
You kill the gnoll sergeant!
The gnoll hits you from afar with a +0 halberd!
* * * LOW HITPOINT WARNING * * *
The gnoll barely misses you.
Your life force feels restored.
Your Dodging skill increases to level 4!
You have reached level 6!
You feel better.
The gnoll is engulfed in a cloud of scalding steam.
The gnoll misses you. x2
The gnoll hits you with a +0 club.
* * * LOW HITPOINT WARNING * * *
The gnoll is engulfed in a cloud of scalding steam.
There is an open door here.
You feel better. The gnoll hits you with a +0 club!
* * * LOW HITPOINT WARNING * * *
The gnoll barely misses you.
Casting: Foxfire (safe; 2% risk of failure)
Confirm with . or Enter, or press ? or * to list all spells.
You conjure some foxfire!
The gnoll hits you with a +0 club.
* * * LOW HITPOINT WARNING * * *
The gnoll hits you from afar with a +0 halberd!
You die...

.....# ###..########.#)#
.....# #..# #......#
.....######..# #..⌠...#
.....+.......#####...)..#
.....######.....##†.>.⌠.#
.....# #.....##......#
.....# #.....##.†)...#
##'###
#....v##......########
##.#
#....v@gg..).(..).....
...#
#.....################
###### #.....# .....#
#.....# ####.# #.....#
### #.##### ..# #. #.# #.


You could see 2 gnolls.

Vanquished Creatures
  A phantom (D:4)
  A gnoll sergeant (D:4)
  An orc wizard (D:3)
  3 gnolls (D:4)
  4 adders
  2 worms
  3 dart slugs
  11 orcs
  10 endoplasms
  6 giant cockroaches
  8 goblins
  2 hobgoblins
  6 quokkas
  2 ball pythons (D:3)
  6 bats
  7 frilled lizards
  4 kobolds
  2 rats
79 creatures vanquished.

Vanquished Creatures (others)
  239 foxfires
  2 plants (D:3)
241 creatures vanquished.

Grand Total: 320 creatures vanquished

Notes
Turn   | Place    | Note
-------+----------+-------------------------------------------
     0 | D:1      | Pimp the Deep Elf Fire Elementalist began the quest for the
                  | Orb.
     0 | D:1      | Reached XP level 1. HP: 10/10 MP: 6/6
   176 | D:1      | Reached XP level 2. HP: 7/15 MP: 0/8
  1007 | D:2      | Reached XP level 3. HP: 19/19 MP: 3/9
  2298 | D:3      | Reached XP level 4. HP: 20/24 MP: 6/11
  2423 | D:3      | Found Boinoneh's Jewellery Shop.
  3250 | D:4      | Found a stormy altar of Qazlal.
  3257 | D:4      | Found a blossoming altar of Fedhas.
  3267 | D:4      | Reached XP level 5. HP: 28/28 MP: 8/13
  3560 | D:4      | Noticed a phantom
  3567 | D:4      | Killed a phantom
  3840 | D:4      | Found a staircase to the Ecumenical Temple.
  3954 | D:4      | HP: 1/27 [gnoll/+0 halberd[a gnoll sergeant] (11)]
  3955 | D:4      | Reached XP level 6. HP: 1/32 MP: 13/15
  3959 | D:4      | Mangled by a gnoll

Illustrated notes

Levels and vault maps discovered:
D:1:      dpeg_arrival_radiant, layout_loops_ring
D:2:      layout_loops_corners
D:3:      layout_loops_ring, serial_shops, nicolae_diamond_shop, serial_forest,
          infiniplex_forest_lined_4_way, infiniplex_forest_clump_small,
          infiniplex_forest_end_3, infiniplex_forest_lined_3
D:4:      layout_basic, grunt_temple_overflow_forces_of_nature, temple_fountains

Skill      XL: |  1  2  3  4  5 |
---------------+----------------+-----
Stealth        | 3 4 |  4.4
Dodging        | 3 4 |  4.1
Conjurations   | 2 3 |  3.1
Spellcasting   | 4 |  4.7
Fire Magic     | 4 |  4.5

Action                     |  1- 3 |  4- 6 || total
---------------------------+-------+-------++-------
  Melee: Short sword       |    35 |    13 ||    48
         Unarmed           |     1 |       ||     1
   Cast: Foxfire           |    75 |    88 ||   163
    Use: Scroll            |     3 |     5 ||     8
         Potion            |       |     6 ||     6
   Stab: Sleeping          |     6 |     1 ||     7
 Armour: Robe              |    12 |     6 ||    18
  Dodge: Dodged            |    34 |    39 ||    73

Table legend: (Time is in decaauts)
 A = Elapsed time spent in this place.
 B = Non-inter-level travel time spent in this place.
 C = Inter-level travel time spent in this place.
 D = Time resting spent in this place.
 E = Time spent auto-exploring this place.
 F = Levels seen in this place.
 G = Mean time per level.
                   A        B        C        D        E       F      G
               +--------+--------+--------+--------+--------+-----+--------+
         Total |   3958 |   3730 |    228 |    421 |   2549 |   4 |  989.5 |
       Dungeon |   3958 |   3730 |    228 |    421 |   2549 |   4 |  989.5 |
               +--------+--------+--------+--------+--------+-----+--------+

Top non-repeatable levels by time:
     D:2: 1223 daAuts
     D:1: 1065 daAuts
     D:3: 950 daAuts
     D:4: 719 daAuts
